[Event "American Cup Women Champions 2024"]
[Site "Saint Louis"]
[Date "2024.03.21"]
[Round "5.3"]
[White "Lee, Alice"]
[Black "Krush, Irina"]
[Result "0-1"]
[ECO "E11"]
[WhiteElo "2356"]
[BlackElo "2421"]
[Annotator "TA"]
[PlyCount "114"]
[EventDate "2024.03.11"]
[EventType "k.o."]
[EventCountry "USA"]
[SourceTitle "playchess.com"]
[Source "ChessBase"]
[SourceQuality "1"]
[TimeControl "900+10"]

1. d4 Nf6 2. c4 e6 3. Nf3 Bb4+ 4. Bd2 a5 5. a3 Bxd2+ 6. Qxd2 d5 {[%emt 0:00:03] E11: Bogo-Indian.} 7. Nc3 O-O 8. e3 Nbd7 9. Rc1 b6 10. cxd5 exd5 11. Bd3 Qe7 12. O-O Bb7 13. Qc2 c5 14. Bb5 Rfd8 $146 ({Predecessor:} 14... Rfc8 15. Qb3 c4 16. Qa4 Rc7 17. b3 cxb3 18. Qxb3 Rac8 19. Nd2 Ne8 {1-0 Makhnev,D (2499)-Zhalmakhanov,R (2394) KAZ-ch Nur Sultan 2021 (4)}) 15. Rfd1 Qe6 16. h3 h6 17. Ne2 Rac8 18. Nf4 Qe7 19. Qf5 Nf8 20. Rc2 Ne4 21. Bd3 Nd6 22. Qe5 Qxe5 23. dxe5 Ne4 24. h4 Ne6 25. Nxe6 fxe6 26. Nh2 c4 27. Bxe4 dxe4 28. Rdc1 (28. Rd6 $1 $11 {remains equal.}) 28... b5 $17 29. Nf1 a4 30. Ng3 Rc5 31. Ne2 Rxe5 32. Nd4 Kf7 33. g3 Red5 34. Kg2 e5 35. Ne2 Rd2 36. Nc3 Bc6 37. Kf1 Ke6 38. Ke1 R2d3 39. Na2 (39. Kf1 $17) 39... Be8 $19 40. Nb4 $2 (40. g4) 40... R3d6 41. Na2 (41. g4 $142) 41... Bh5 $19 42. Nc3 Bf3 43. Ra1 g5 44. h5 Kf5 45. Kf1 Bxh5 46. Re1 Rb8 47. Na2 Bf3 48. Nc3 h5 49. Nb1 h4 50. Kg1 Rh8 (50... hxg3 $142 51. fxg3 Rh8) 51. Nd2 g4 (51... hxg3 $142 52. fxg3 Rh1+ 53. Kf2 Rh2+ 54. Kg1 Rdxd2 (54... Rhxd2 55. Rxd2 Rxd2 56. Kf1 Bg2+ 57. Kg1 Kg4 58. Rd1 Rxb2 59. Rd8 Kxg3 60. Rd1 c3 61. Re1 c2 62. Re2 c1=Q+ 63. Re1 Qxe1#) 55. Rxd2 Rxd2 56. Rc1 Kg4 (56... Rxb2 57. Kf1 Re2 58. Kg1 Kg4 59. Kf1 Kxg3 60. Rc3 Rd2 61. Rc1 c3 62. Ke1 Re2+ 63. Kd1 Rh2+ 64. Ke1 Rh1#) 57. Kf1 Kxg3 (57... Rxb2 58. Ke1 Kxg3 59. Rc3 Rh2 60. Rc1 g4 61. Rc3 Kh3 62. Rc1 g3 63. Rc3 Re2+ 64. Kf1 Kh2 65. Rc1 g2#) 58. Ke1 Re2+ (58... Rxb2 59. Rc3 Rg2 60. Rc1 g4 61. Rc3 Kh2 62. Rc1 g3 63. Rc3 Re2+ 64. Kd1 g2 65. Rc2 g1=Q#) 59. Kd1 Rxb2+ 60. Ke1 g4 (60... Re2+ 61. Kd1 Rf2+ 62. Ke1 Re2+ 63. Kd1 Ra2+ 64. Ke1 g4 65. Ra1 Rxa1+ 66. Kd2 Rxa3 67. Kc2 c3 68. Kc1 Be2 69. Kc2 Bd3+ 70. Kd1 Ra1#) 61. Rc3 Kh2 62. Rc1 g3 63. Rb1 Re2+ (63... Rxb1+ 64. Kd2 g2 65. Kc3 g1=Q 66. Kd2 Qc1#) 64. Kd1 g2 65. Rxb5 g1=Q#) 52. Nxf3 gxf3 (52... exf3 $142 53. e4+ Kg5 54. Rec1 hxg3 55. fxg3 Rh3 56. Rh2 Rxg3+ 57. Kh1 Kf4 58. Rh4 Rg2 (58... Kxe4 $2 59. Rh8 $19) 59. Rh8 Kg3 (59... Kxe4 $2 60. Ra1 $19) 60. Re1 Rdd2 (60... Rxb2 {gets mated.} 61. Rf1 c3 62. Rh7 Rbd2 63. Rh4 Kxh4 64. Kg1 c2 65. Kh1 Re2 66. Kg1 Rd1 67. Rxd1 cxd1=Q#) 61. Rh5 Rh2+ (61... Rxb2 {is a self mate.} 62. Rc1 c3 63. Rh6 Rbd2 64. Rh8 c2 65. Re1 Rd1 66. Rh3+ Kxh3 67. Rxd1 cxd1=Q#) 62. Rxh2 Rxh2+ 63. Kg1 f2+ (63... Rxb2 64. Rc1 c3 65. Kf1 Rh2 66. Kg1 c2 67. Ra1 f2+ 68. Kf1 Kf3 69. Rc1 Rh1#) 64. Kf1 Rh1+ 65. Ke2 fxe1=Q#) 53. Rf1 Rdh6 (53... Kg4 $142 54. b3 hxg3 (54... axb3 {leads to mate.} 55. Rcc1 hxg3 56. fxg3 Rdh6 57. Rc2 bxc2 58. a4 Rh1+ 59. Kf2 R8h2+ 60. Ke1 c1=Q#) 55. fxg3 Kxg3 (55... cxb3 56. Rc7 Rd2 57. Rg7+ Kf5 58. Rf7+ Ke6 59. R1xf3 exf3 60. Rxf3 Rhh2 61. g4 b2 62. Rf6+ Kxf6 63. g5+ Kxg5 64. Kf1 b1=Q#) (55... axb3 56. Rh2 Rxh2 57. Kxh2 b2 58. Kh1 c3 59. Kh2 c2 60. Kg1 b1=Q 61. a4) 56. bxc4 Rdh6 57. Rh2 Rxh2 58. Rxf3+ exf3 59. cxb5 Rh1#) 54. Rd2 hxg3 55. fxg3 Rh1+ 56. Kf2 R8h2+ 57. Ke1 Rxf1+ 0-1

[Event "American Cup Women Champions 2024"]
[Site "Saint Louis"]
[Date "2024.03.21"]
[Round "5.4"]
[White "Krush, Irina"]
[Black "Lee, Alice"]
[Result "0-1"]
[ECO "E24"]
[WhiteElo "2421"]
[BlackElo "2356"]
[Annotator "RC"]
[PlyCount "48"]
[EventDate "2024.03.11"]
[EventType "k.o."]
[EventCountry "USA"]
[SourceTitle "playchess.com"]
[Source "ChessBase"]
[SourceQuality "1"]
[TimeControl "900+10"]

1. d4 d5 2. c4 e6 3. Nc3 Nf6 4. cxd5 exd5 5. Bg5 Bb4 6. e3 h6 7. Bxf6 Qxf6 8. a3 Bxc3+ 9. bxc3 O-O 10. Bd3 Bf5 11. Ne2 Nd7 12. c4 dxc4 13. Bxc4 Qc6 14. Ng3 Qxg2 15. Rc1 Bh7 16. Be2 Qd5 17. Bf3 Qa5+ 18. Qd2 Qxa3 19. Bxb7 Rab8 20. Bc6 Rb2 21. Qc3 Rb3 22. Qd2 Rd3 23. Bxd7 Rxd2 24. Kxd2 Qb2+ 0-1

[Event "American Cup Women Champions 2024"]
[Site "Saint Louis"]
[Date "2024.03.21"]
[Round "5.5"]
[White "Krush, Irina"]
[Black "Lee, Alice"]
[Result "0-1"]
[ECO "D58"]
[WhiteElo "2421"]
[BlackElo "2356"]
[Annotator "RC"]
[PlyCount "68"]
[EventDate "2024.03.11"]
[EventType "k.o."]
[EventCountry "USA"]
[SourceTitle "playchess.com"]
[Source "ChessBase"]
[SourceQuality "1"]
[TimeControl "180+2"]

1. c4 e6 2. Nc3 d5 3. d4 Nf6 4. Bg5 Be7 5. e3 h6 6. Bh4 O-O 7. Nf3 b6 8. Qc2 Bb7 9. Bxf6 Bxf6 10. cxd5 exd5 11. Rd1 Nc6 12. a3 Re8 13. Be2 Ne7 14. O-O Nc8 15. b4 Nd6 16. Qb3 c6 17. b5 Nxb5 18. Nxb5 cxb5 19. Bxb5 Re7 20. Rc1 Rc7 21. Bd3 Rac8 22. Qb2 g6 23. Nd2 Qd6 24. g3 Be7 25. Nb1 Kg7 26. Rfe1 a6 27. a4 Qb4 28. Qxb4 Bxb4 29. Rxc7 Rxc7 30. Rd1 a5 31. Nd2 Bc6 32. Rc1 Bxd2 33. Rc2 Bb4 34. Bb5 Bxb5 0-1

[Event "American Cup Women Champions 2024"]
[Site "Saint Louis"]
[Date "2024.03.21"]
[Round "5.6"]
[White "Lee, Alice"]
[Black "Krush, Irina"]
[Result "1-0"]
[ECO "E93"]
[WhiteElo "2356"]
[BlackElo "2421"]
[Annotator "TA"]
[PlyCount "67"]
[EventDate "2024.03.11"]
[EventType "k.o."]
[EventCountry "USA"]
[SourceTitle "playchess.com"]
[Source "ChessBase"]
[SourceQuality "1"]
[TimeControl "180+2"]

1. d4 Nf6 2. c4 g6 3. Nc3 Bg7 4. e4 d6 5. Nf3 O-O 6. Be2 Nbd7 7. Be3 e5 8. d5 Ng4 9. Bg5 f6 10. Bc1 f5 (10... a5 $11) 11. exf5 ({Better is} 11. Ng5 $14) 11... gxf5 $11 12. Ng5 (12. h3 $14 Nh6 13. Qc2) 12... Ndf6 (12... Nc5 $11) 13. h3 $14 Nh6 {[%emt 0:00:02] [#]} 14. Ne6 (14. g4 $1 $16) 14... Bxe6 $11 15. dxe6 {[%emt 0:00:02] g4 would now be deadly.} c6 (15... f4 $1 $11) 16. g4 $14 {[%emt 0:00:09] And now g5 would win. White is more active.} Ne4 17. Nxe4 fxe4 18. Be3 {[%emt 0:00:14] [#] aiming for Qd2.} Qe7 19. Qc2 Qxe6 20. Qxe4 {[%emt 0:00:01] Threatens to win with 0-0-0.} d5 21. Qc2 (21. cxd5 $11 cxd5 22. Qd3) 21... e4 $2 (21... d4 $19 22. Bxh6 Bxh6) 22. Rd1 (22. O-O-O $14 Rfd8 23. cxd5 cxd5 24. Qb3) 22... Nf7 $11 23. cxd5 cxd5 24. Qb3 Rfd8 (24... Rad8 $11) 25. O-O $1 $14 (25. Qxb7 Rab8 (25... d4 26. Bxd4 Rdb8 27. Qa6 $16) 26. Qxa7 Rxb2 $15) 25... Ne5 26. Bd4 (26. Qxb7 h5 $11) ({White should try} 26. Rd2 $14) 26... Rd7 27. Bb5 $2 (27. f3 $11 exf3 28. Bxf3) 27... Nf3+ $19 28. Kg2 Nxd4 $2 (28... Bxd4 29. Bxd7 Qxd7 30. Rxd4 Nxd4) 29. Rxd4 Bxd4 30. Rd1 $2 (30. Bxd7 Qxd7 31. Rd1) 30... Qf6 31. Bxd7 (31. Rxd4 $142 Rf8 32. Qe3) 31... Qxf2+ (31... Bxb2 $2 32. Qxd5+ (32. Rxd5 Qf3+ 33. Qxf3 exf3+ 34. Kxf3 Rf8+ 35. Bf5 h6 $18) 32... Kh8 33. Qxe4 $18) 32. Kh1 {[%emt 0:00:01] White is weak on the dark squares} Rf8 $2 (32... Bxb2 33. Qxd5+ Kh8 34. Qxe4 $11) ({Black should play} 32... Kh8 $19 {( -> ...Be5)} 33. Rxd4 Qxd4) 33. Qxd5+ $11 (33. Qxb7 {gets mated.} Qf3+ (33... Bxb2 34. Qxd5+ Kg7 35. Qxe4 $11) 34. Kh2 Be5+ (34... Qxd1 35. Qxd5+ Kg7 36. Qxd4+ Qxd4 37. g5 Qxd7 38. h4 Qg4 39. b4 Rf2+ 40. Kh1 Qg2#) 35. Kg1 Qxd1+ 36. Kg2 Qf1#) 33... Kh8 $2 (33... Rf7 $11 {and Black stays safe.} 34. Qxd4 Qf3+ 35. Kh2 Qf4+ 36. Kh1 Qf3+ 37. Kg1 (37. Kh2 Qf4+ 38. Kh1 Qf3+ $11) 37... Rxd7 38. Qxd7 Qe3+ 39. Kh2 Qf4+ 40. Kh1 Qf3+ 41. Kg1 Qg3+ 42. Kf1 Qf3+ 43. Kg1) 34. Qxd4+ {[%emt 0:00:02] Quite a comeback for White.   Weighted Error Value: White=0.81/Black=1.19.  Loses game:     	White=2     	Black=1      Missed win:     	---       	Black=2      Mistake:       	White=7     	Black=4      Inaccurate:     	White=1     	---        OK:         	White=5     	Black=3      Best:        	White=1     	Black=5      Strong:       	White=1     	---} (34. Rxd4 $2 {is a self mate.} Qf3+ (34... Qxb2 35. Qe5+ Kg8 36. Be6+ Rf7 37. Rd8#) 35. Kg1 Qg3+ 36. Kh1 Rf1#) 1-0